[Event "SixDays Budapest GM-A 09-2024"]
[Site "Budapest"]
[Date "2024.09.25"]
[Round "2.1"]
[White "Plat, Vojtech"]
[Black "Defromont, Benjamin"]
[Result "1-0"]
[ECO "B01"]
[WhiteElo "2483"]
[BlackElo "2383"]
[Annotator "TA"]
[PlyCount "39"]
[EventDate "2024.09.24"]
[EventType "tourn"]
[EventCountry "HUN"]
[SourceTitle "playchess.com"]
[Source "ChessBase"]
[SourceQuality "1"]
[TimeControl "5400+30"]

1. e4 d5 2. exd5 Qxd5 3. d4 Nc6 4. Be3 e5 5. Nc3 Bb4 6. Nge2 {[%emt 0:09:34][%cal Bg1e2,Be2d4,Bd4b5][%mdl 32] And now a3 would win.} exd4 7. Nxd4 Bxc3+ 8. bxc3 {[%emt 0:00:06] Threatens to win with Nb5. The position is equal.} Bd7 9. Nb5 Qe5 {[%emt 0:02:47] [#]} (9... Qxd1+ $11 10. Rxd1 Rc8 (10... O-O-O 11. Nxa7+ Nxa7 12. Bxa7 $11)) 10. Qd5 $1 $16 {[%emt 0:00:12] Strongly threatening Qxe5+.} Kd8 (10... Rc8 11. Qxe5+) 11. Qxf7 {[%emt 0:03:49] White is much more active.} Nf6 (11... Nh6 $16 12. Qf4 Re8) 12. O-O-O $36 {[%emt 0:00:51][%mdl 2048] White is really pushing.} Kc8 (12... Qe7 {is a better defense.} 13. Qxe7+ Nxe7) 13. Bc4 $18 Na5 $2 {[%emt 0:13:15] [#]} (13... Rd8 14. Qxg7 Ne4 15. Qxe5 (15. Qxh7 Nxc3 16. Nxc3 Qxc3 $18) 15... Nxe5) 14. Rxd7 $1 {[%emt 0:00:54][%mdl 512] White is clearly winning.} Nxd7 15. Rd1 (15. Nxa7+ Kb8 16. Be2 Qxc3 17. Qxd7 Qa3+ (17... Rxa7 18. Bxa7+ Kxa7 19. Rd1 $11) (17... Qa1+ $2 18. Kd2 $18) 18. Kd1 Rxa7 $11) 15... Nf6 {[%emt 0:03:33] [#]} 16. Rd6 $3 Qxd6 17. Nxd6+ cxd6 18. Be6+ {[%emt 0:00:05] This pair of bishops is nice.} Kb8 19. Qxg7 Re8 20. Qxf6 {[%emt 0:00:05] Black did not feel at home in the position after the opening.   Weighted Error Value: White=0.06 (flawless) /Black=0.42.  Mistake:       	---       	Black=4      Inaccurate:     	---       	Black=1      OK:         	White=1     	Black=2      Best:        	---       	Black=1      Brilliant:      	White=2     	---} 1-0

[Event "SixDays Budapest GM-A 09-2024"]
[Site "Budapest"]
[Date "2024.09.25"]
[Round "2.2"]
[White "Lee, Junhyeok"]
[Black "Panda Sambit"]
[Result "1-0"]
[ECO "A85"]
[WhiteElo "2364"]
[BlackElo "2367"]
[Annotator "RC"]
[PlyCount "57"]
[EventDate "2024.09.24"]
[EventType "tourn"]
[EventCountry "HUN"]
[SourceTitle "playchess.com"]
[Source "ChessBase"]
[SourceQuality "1"]
[TimeControl "5400+30"]

1. d4 d5 2. c4 e6 3. Nc3 Nf6 4. Nf3 Ne4 5. e3 c6 6. Bd3 f5 7. Ne5 g6 8. O-O Nd7 9. Nxd7 Bxd7 10. f3 Nd6 11. b3 Qf6 12. Qe2 O-O-O 13. Kh1 Bg7 14. Ba3 Nf7 15. Rfc1 Kb8 16. Bb2 Bc8 17. b4 f4 18. b5 fxe3 19. bxc6 bxc6 20. Rab1 Ka8 21. Na4 e5 22. cxd5 cxd5 23. dxe5 Nxe5 24. Bxe5 Qxe5 25. Ba6 Qe7 26. Qb5 Bxa6 27. Qxa6 Rb8 28. Nb6+ Rxb6 29. Rc8+ 1-0

[Event "SixDays Budapest GM-A 09-2024"]
[Site "Budapest"]
[Date "2024.09.25"]
[Round "2.3"]
[White "Wachinger, Nikolas"]
[Black "Chen, Yining"]
[Result "1-0"]
[ECO "B12"]
[WhiteElo "2442"]
[BlackElo "2252"]
[Annotator "RC"]
[PlyCount "41"]
[EventDate "2024.09.24"]
[EventType "tourn"]
[EventCountry "HUN"]
[SourceTitle "playchess.com"]
[Source "ChessBase"]
[SourceQuality "1"]
[TimeControl "5400+30"]

1. e4 c6 2. d4 d5 3. e5 Bf5 4. Nd2 e6 5. Nb3 Nd7 6. Nf3 Qc7 7. Be2 c5 8. c3 h6 9. O-O Ne7 10. Nxc5 Nxc5 11. dxc5 Qxc5 12. Nd4 Nc6 13. Nxf5 exf5 14. Be3 Qe7 15. Qxd5 Qxe5 16. Qxe5+ Nxe5 17. Bb5+ Nc6 18. Rad1 Be7 19. Rfe1 O-O 20. Rd7 Bf6 21. Rxb7 1-0

[Event "SixDays Budapest GM-A 09-2024"]
[Site "Budapest"]
[Date "2024.09.25"]
[Round "2.4"]
[White "Berczes, David"]
[Black "Mamatov, Melis"]
[Result "1-0"]
[ECO "D78"]
[WhiteElo "2400"]
[BlackElo "2362"]
[Annotator "TA"]
[PlyCount "87"]
[EventDate "2024.09.24"]
[EventType "tourn"]
[EventCountry "HUN"]
[SourceTitle "playchess.com"]
[Source "ChessBase"]
[SourceQuality "1"]
[TimeControl "5400+30"]

1. d4 d5 2. Nf3 Nf6 3. c4 c6 4. g3 g6 5. Bg2 Bg7 6. O-O O-O 7. Nc3 dxc4 8. e4 $1 {[%emt 0:00:06][%mdl 4] now scores much better than the old 8.Ne5.} b5 9. Qe2 {[%emt 0:00:19] D78: Fianchetto Grünfeld: 6 0-0 c6.} b4 10. Nd1 Ba6 11. Re1 e6 (11... c5 $11 12. d5 Qa5) 12. e5 (12. a3 $14) 12... Nd5 $11 13. Ne3 $146 ({Predecessor:} 13. h4 c5 14. Qe4 cxd4 15. h5 Nc6 16. Qg4 Bc8 17. Qh3 Qe8 18. Ng5 gxh5 19. f4 {0-1 Piorun,K (2601)-Gumularz,S (2580) POL-ch 80th Warsaw 2023 (4.2)}) 13... c3 14. Qc2 Nd7 15. bxc3 bxc3 (15... Nxc3 $6 16. a3 Bb5 (16... Qa5 17. Bd2 $16) 17. axb4 $16) 16. Nxd5 cxd5 17. Qxc3 Rc8 18. Qa3 Bc4 19. Bg5 Qb6 20. Qe3 Rb8 21. h4 Rfe8 22. h5 gxh5 23. Qf4 (23. Nd2 $16) 23... Bd3 $11 24. Rac1 Rec8 25. Be7 Qa6 26. Ng5 Bg6 27. Bf1 Qb7 28. Rxc8+ (28. Bd6 $11 {keeps the balance.} Rxc1 29. Rxc1) 28... Qxc8 (28... Rxc8 $17 29. Bd6 Nb6) 29. Rc1 (29. Bd6 $5 Rb2 30. Bd3 $16) 29... Qe8 30. Bd6 Rc8 31. Bb5 Qd8 32. Qd2 (32. Nf3 $11 {remains equal.}) 32... Nb6 $17 33. Rc5 Nc4 (33... Bh6 $17 34. f4 Bf8 (34... Nc4 35. Qc3 $15)) 34. Qf4 $11 Bf8 (34... h6 $11 35. Nf3 (35. Be7 $2 Rxc5 36. Bxd8 hxg5 $19) 35... Bd3) 35. Ba6 $2 (35. Nxf7 Bxf7 36. a3 (36. Bxf8 $2 Qxf8 37. Qg5+ Bg6 $19) 36... h6 (36... Nxa3 37. Ba6 $15) (36... Bxd6 37. Rxc8 Qxc8 38. exd6 $15) 37. Bxf8 Qxf8 $17) (35. Nxe6 $1 $16 {and life is bright.} fxe6 36. Rxc8 (36. Bxf8 Qxf8 37. Rxc8 Qxc8 $19) 36... Qxc8 37. Bd7) 35... Nxd6 $17 36. exd6 Rb8 37. Nxf7 (37. Rc6 $2 Qd7 $19 (37... Bh6 38. Nxf7 Bxf4 39. Nxd8 $14) (37... Bh6 38. Nxf7 Bxf4 39. Nxd8 $16)) 37... Bxf7 (37... Rb1+ $2 38. Kg2 Be4+ (38... Bxf7 $2 39. Rc8 $18) 39. Qxe4 dxe4 40. Nxd8 $18) 38. Rc7 Bg6 ({Worse is} 38... Bxd6 39. Qxf7+ Kh8 40. Qxh7#) 39. d7 {[%emt 0:00:08] [#]} Bh6 $2 {[%emt 0:03:39][%mdl 8192] [#]} (39... Rb1+ $1 $17 {[%mdl 512] stays on course.} 40. Kg2 Be4+ 41. f3 Bf5 (41... Rb2+ 42. Kg1 $11)) 40. Qe5 $1 $18 Bg7 $2 (40... Bf8 $16) 41. Qxe6+ $18 Bf7 {[#]} 42. Qc6 $1 Rb1+ (42... Bxd4 $142 43. Rc8 Kg7 44. Rxd8 Rxd8) 43. Kh2 $18 Bf8 44. Rc8 $1 ({Inferior is} 44. Rxa7 Qg5 45. Bd3 Rb2 $11) 1-0

[Event "SixDays Budapest GM-A 09-2024"]
[Site "Budapest"]
[Date "2024.09.25"]
[Round "2.5"]
[White "Nagy, Gabor"]
[Black "Mohammad Fahad, Rahman"]
[Result "1/2-1/2"]
[ECO "D45"]
[WhiteElo "2459"]
[BlackElo "2419"]
[Annotator "TA"]
[PlyCount "37"]
[EventDate "2024.09.24"]
[EventType "tourn"]
[EventCountry "HUN"]
[SourceTitle "playchess.com"]
[Source "ChessBase"]
[SourceQuality "1"]
[TimeControl "5400+30"]

1. c4 e6 2. Nc3 d5 3. d4 c6 4. e3 Nf6 5. Nf3 Nbd7 6. Qc2 Bd6 7. Bd3 O-O 8. O-O dxc4 9. Bxc4 a6 10. Rd1 b5 11. Be2 Qc7 {[%emt 0:00:21] The position is equal.} 12. Bd2 c5 13. dxc5 Qxc5 {[%emt 0:00:17] White must now prevent ...b4.} 14. b4 Qc7 15. a4 bxa4 16. Qxa4 {[%emt 0:01:34] [#] aiming for Nb5.} Bb7 17. Rac1 Qb6 18. Qa1 Rac8 19. Na4 {[%emt 0:04:35] Not much happened in this game.   Weighted Error Value: White=0.00 (flawless) /Black=0.03 (flawless) .  OK:         	White=4     	Black=4} 1/2-1/2

[Event "SixDays Budapest GM-A 09-2024"]
[Site "Budapest"]
[Date "2024.09.25"]
[Round "3.1"]
[White "Mohammad Fahad, Rahman"]
[Black "Plat, Vojtech"]
[Result "1/2-1/2"]
[ECO "B38"]
[WhiteElo "2419"]
[BlackElo "2483"]
[Annotator "TA"]
[PlyCount "35"]
[EventDate "2024.09.24"]
[EventType "tourn"]
[EventCountry "HUN"]
[SourceTitle "playchess.com"]
[Source "ChessBase"]
[SourceQuality "1"]
[TimeControl "5400+30"]

1. e4 c5 2. Nf3 g6 3. d4 cxd4 4. Nxd4 Bg7 5. c4 Nc6 6. Be3 Qb6 7. Nb3 Qd8 8. Nd4 Qb6 $1 9. Nb3 Qd8 10. Nc3 (10. Qd2 $14 {deserves consideration.}) 10... Bxc3+ $1 $11 11. bxc3 {[%emt 0:00:08] The position is equal.} Nf6 12. f3 d6 13. Bh6 Be6 14. Be2 Rg8 15. Be3 g5 16. Nd4 g4 17. Nxe6 fxe6 18. Qb3 {[%emt 0:00:29] Weighted Error Value: White=0.09 (flawless) /Black=0.09 (flawless) .  Mistake:       	White=2     	---        Inaccurate:     	---       	Black=2      OK:         	White=4     	Black=3      Best:        	White=1     	---        Strong:       	---       	Black=1} (18. O-O $14) 1/2-1/2

[Event "SixDays Budapest GM-A 09-2024"]
[Site "Budapest"]
[Date "2024.09.25"]
[Round "3.3"]
[White "Chen, Yining"]
[Black "Berczes, David"]
[Result "1/2-1/2"]
[ECO "D45"]
[WhiteElo "2252"]
[BlackElo "2400"]
[Annotator "TA"]
[PlyCount "98"]
[EventDate "2024.09.24"]
[EventType "tourn"]
[EventCountry "HUN"]
[SourceTitle "playchess.com"]
[Source "ChessBase"]
[SourceQuality "1"]
[TimeControl "5400+30"]

1. d4 d5 2. c4 e6 3. Nf3 Nf6 4. Nc3 c6 5. e3 Nbd7 6. Be2 Bd6 7. O-O O-O 8. b3 b6 9. Bb2 Bb7 10. Bd3 Re8 11. Rc1 Qe7 12. Re1 c5 13. cxd5 exd5 14. Ne2 a6 15. Ng3 g6 {[%emt 0:02:56] Repels Nf5} 16. Qe2 Ne4 17. dxc5 Nxg3 18. hxg3 bxc5 19. Rc2 Qf8 20. Qd2 Rac8 21. Rd1 Ne5 22. Nxe5 Bxe5 23. Bxe5 Rxe5 24. Be2 Qe7 25. Bf3 d4 26. exd4 Bxf3 27. gxf3 Rd5 28. Qe3 (28. Qc1 $16) 28... Qd7 $1 $11 29. Re1 (29. Rxc5 $2 Rcxc5 30. a3 Rc6 $19) 29... Qh3 30. g4 {[%emt 0:04:06][%cal Rc2c5] Against Rh5} (30. dxc5 {leads to mate.} Rh5) (30. Rxc5 $2 {too greedy.} Rcxc5 31. dxc5 Rh5 32. Qe8+ Kg7 $19) 30... h5 ({But not} 30... Rxd4 31. Rxc5 Rcd8 32. Rc4 $14) 31. Qf4 {[%emt 0:03:37] [#] Threatens to win with Re7.} Rxd4 32. Qg3 (32. Qf6 $5 hxg4 33. Rxc5 $11) 32... Qxg3+ 33. fxg3 hxg4 34. fxg4 Rxg4 $15 {[%emt 0:00:09][%mdl 4096] Endgame. KRR-KRR} 35. Kf2 Rc6 36. Kf3 Rd4 37. Re4 {[%emt 0:00:53] [#] Black must now prevent Rxd4.} Rf6+ 38. Rf4 Rdxf4+ 39. gxf4 {[%emt 0:00:02] KR-KR. The position is equal.} g5 40. Rxc5 gxf4 41. Rc4 Kf8 42. Rxf4 Ke7 43. Rxf6 Kxf6 $11 {[%emt 0:00:05] KPP-KPP} 44. b4 Ke5 45. a4 Kd5 46. b5 axb5 47. axb5 Kc5 48. Kf4 f5 49. Kxf5 Kxb5 {Weighted Error Value: White=0.10 (very precise) /Black=0.07 (flawless) .  Mistake:       	White=1     	---        Inaccurate:     	White=3     	Black=5      OK:         	White=14    	Black=17     Best:        	---       	Black=2      Strong:       	---       	Black=1} 1/2-1/2

[Event "SixDays Budapest GM-A 09-2024"]
[Site "Budapest"]
[Date "2024.09.25"]
[Round "3.4"]
[White "Panda Sambit"]
[Black "Wachinger, Nikolas"]
[Result "1-0"]
[ECO "E49"]
[WhiteElo "2367"]
[BlackElo "2442"]
[Annotator "TA"]
[PlyCount "93"]
[EventDate "2024.09.24"]
[EventType "tourn"]
[EventCountry "HUN"]
[SourceTitle "playchess.com"]
[Source "ChessBase"]
[SourceQuality "1"]
[TimeControl "5400+30"]

1. d4 Nf6 2. c4 e6 3. Nc3 Bb4 4. e3 O-O 5. Bd3 d5 6. a3 Bxc3+ 7. bxc3 dxc4 8. Bxc4 c5 9. Nf3 Qc7 10. Be2 b6 11. Bb2 Bb7 12. O-O Nbd7 13. Nd2 e5 14. Qb3 Rfe8 15. a4 {[%emt 0:03:16] White is slightly better.} a6 16. Rfd1 Rab8 17. Bc4 Re7 18. d5 $1 b5 19. axb5 axb5 20. Bxb5 (20. Qxb5 Bxd5 21. Qa6 Rxb2 $19 (21... Bxg2 22. Kxg2 Rxb2 23. Bf1 $17)) 20... Bxd5 21. c4 Bc6 22. Ra6 Re6 23. Rda1 h6 24. Bc3 Bxb5 25. cxb5 (25. Rxe6 $5 Bc6 26. Ba5 $17) 25... Rxa6 26. Rxa6 Qb7 27. Ra5 Ne4 28. Qb2 Qd5 {[%emt 0:01:28] White must now prevent ...Qd3.} 29. Nxe4 $4 {[%emt 0:01:12][%mdl 8192] [#]} (29. h3 $15) 29... Qxe4 $2 (29... Qd1+ {mates} 30. Be1 Qxe1#) 30. h3 $11 Nb6 31. Qa2 (31. Bxe5 $2 {loses.} Nc4 32. Qc3 Nxe5 $19) 31... c4 32. Qa1 Re8 33. Kh2 Re6 34. Qd1 Rf6 {[%emt 0:02:09] [#]} (34... Nd5 $11 35. f3 Qd3 36. Qxd3 cxd3 37. Ra8+ Kh7) 35. Be1 (35. Ra2 $1 $16) 35... c3 36. Bxc3 (36. Qb3 $11 {keeps the balance.}) 36... Rxf2 $17 37. Qg4 Qxe3 38. Qg3 Nc4 (38... Re2 $1 $15 {keeps the upper hand.} 39. Qxe3 Rxe3) 39. Ra8+ Kh7 40. Qxe3 Nxe3 $18 {[%emt 0:00:02][%mdl 4096] Endgame. KRB-KRN} 41. b6 $1 {[%emt 0:00:30][%cal Bb5b6,Bb6b7][%mdl 32] Threatens to win with b7!} Rxg2+ 42. Kh1 {[%emt 0:00:01][%cal Ob6b7] b7! is the strong threat.} Rf2 {[%emt 0:00:35] Strongly threatening ...Rf1+.} 43. b7 Rf1+ 44. Kh2 e4 $2 (44... Rb1) 45. Ra2 {[%emt 0:01:09] White is clearly winning.} ({Not} 45. b8=R Rf2+ 46. Kg3 Rf3+ 47. Kh2 Rf2+ 48. Kg3 Rf3+ 49. Kh2 Rf2+ $11) 45... Rb1 46. Rb2 Nf1+ 47. Kg1 {[%emt 0:00:42] Quite a comeback for White.   Weighted Error Value: White=0.37/Black=0.44.  Loses game:     	White=1     	Black=1      Missed win:     	---       	Black=1      Mistake:       	White=2     	Black=2      Inaccurate:     	White=3     	Black=1      OK:         	White=10    	Black=14     Best:        	White=2     	Black=4      Strong:       	White=2     	---} 1-0

[Event "SixDays Budapest GM-A 09-2024"]
[Site "Budapest"]
[Date "2024.09.25"]
[Round "3.5"]
[White "Defromont, Benjamin"]
[Black "Lee, Junhyeok"]
[Result "1-0"]
[ECO "B92"]
[WhiteElo "2383"]
[BlackElo "2364"]
[Annotator "TA"]
[PlyCount "81"]
[EventDate "2024.09.24"]
[EventType "tourn"]
[EventCountry "HUN"]
[SourceTitle "playchess.com"]
[Source "ChessBase"]
[SourceQuality "1"]
[TimeControl "5400+30"]

1. e4 c5 2. Nf3 d6 3. d4 cxd4 4. Nxd4 Nf6 5. Nc3 a6 6. Be2 e5 7. Nb3 Be7 8. Be3 Be6 9. Nd5 Nbd7 10. Qd3 Bxd5 11. exd5 Rc8 12. g4 Nb6 13. Bf3 (13. O-O-O $11) 13... Nc4 $17 14. O-O-O {[%emt 0:01:09] [#]} (14. Nd2 $142 Nxe3 (14... Nxb2 15. Qb3 $18) 15. fxe3) 14... e4 $1 15. Bxe4 Ne5 $1 {[%emt 0:00:07] Excellent horsemanship.} 16. Qe2 (16. Qd4 $2 Rc4 (16... Nfxg4 17. Nd2 $11) 17. Qa7 Nxe4 $19 (17... Rxe4 $2 18. Qxb7 O-O 19. h3 $19)) 16... Nxe4 17. f4 Ng6 $1 18. Bd4 Nf6 (18... Nxf4 19. Qxe4 O-O 20. h4 $11 (20. Qxf4 $2 Bg5 $19)) 19. Qf3 (19. Bxf6 $17 gxf6 20. h3) 19... O-O 20. g5 Nd7 21. h4 Re8 (21... Qc7 $142 22. Rh2 Nde5 23. fxe5 dxe5) 22. Kb1 Ngf8 ({Better is} 22... Bf8 $17 {aiming for ...Qc7.} 23. h5 Ne7) 23. h5 ({White should try} 23. Nd2 $15) 23... Nc5 24. Rdf1 (24. Bxc5 $142 dxc5 25. Nd2) 24... Nxb3 25. axb3 Qd7 26. Qd3 {[%emt 0:06:30] Wards off Qf5} Bd8 $1 27. Rhg1 (27. Bc3 $17 {might work better.}) 27... Qe7 $1 $19 28. Qh3 Ba5 $2 (28... Rc7 $1 $19 {Hoping for ...Qe2.} 29. Bc3 Qe3) 29. g6 $1 $16 fxg6 (29... hxg6 $2 30. hxg6 Nxg6 31. f5 $18) 30. hxg6 {[%emt 0:01:25] White is more active.} (30. f5 $16 Qe4 31. hxg6) 30... h6 $1 $11 {[%emt 0:02:27] Strongly threatening ...Qe4.} (30... hxg6 $2 31. Rh1 Kf7 32. f5 $18 (32. Qh8 Ne6 $16)) (30... Nxg6 $2 31. f5 Qd7 32. Rg4 Re1+ (32... Ne5 $2 33. Bxe5 Rxe5 34. f6 $18) 33. Rxe1 Bxe1 34. fxg6 $18) 31. Qf5 (31. f5 $11 Qe4 32. Bxg7 Qxc2+ 33. Ka1) 31... Rc7 $15 32. Rf3 $2 (32. Rg2 $17) 32... Qd7 $1 $19 (32... Qe4 $2 33. Qf7+ Rxf7 34. gxf7+ Kh8 35. fxe8=Q (35. fxe8=R Qxe8 36. Rfg3 Qe4 $18) (35. Re3 $2 Qxe3 36. Rxg7 Qxd4 $19) 35... Qxe8 36. Rfg3 $18 (36. Rh3 Qf7 $16)) 33. Qh5 Re4 34. f5 {[%emt 0:02:07][%cal Of5f6] f6! would now be deadly.} Rxd4 35. f6 {[%emt 0:00:04] White wants to mate with f7+.} gxf6 36. Rxf6 {[%emt 0:00:02][%cal Og6g7] [#] g7! is the strong threat.} Bd2 $1 ({Inferior is} 36... Qg7 37. Rgf1 Bd2 38. Rxf8+ Qxf8 39. Rxf8+ Kxf8 40. c3 $11) 37. Qf3 {[%emt 0:02:29] Prevents Rf4.} (37. g7 $142 Nh7 38. Rxd6) 37... Qe8 {[%emt 0:02:13] And now ...Bg5 would win.} 38. Rf7 (38. Rf1 {only move.} Nd7 (38... Nxg6 $2 39. Re6 $19) 39. Re6) 38... Re7 $4 (38... Nd7 $19 39. Ka2 Rxc2) 39. Qf6 $1 {[%emt 0:00:18][%csl Gf7,LRd4,LRd6,LRe7][%cal Rf6g7] White mates.} Re1+ {[%emt 0:01:22] [#]} 40. Rxe1 $1 (40. Ka2 $2 {leads to mate.} Ra4+ 41. bxa4 Qxa4#) 40... Qxe1+ 41. Ka2 {[%emt 0:00:05] What a bad dream for Black.   Weighted Error Value: White=0.44/Black=0.28 (precise) .  Loses game:     	White=1     	---        Missed win:     	---       	Black=2      Mistake:       	White=10    	Black=2      Inaccurate:     	White=1     	Black=1      OK:         	White=7     	Black=7      Best:        	White=3     	Black=4      Strong:       	White=1     	Black=7      Brilliant:      	---       	Black=1} 1-0

[Event "SixDays Budapest GM-A 09-2024"]
[Site "Budapest"]
[Date "2024.09.26"]
[Round "4.1"]
[White "Plat, Vojtech"]
[Black "Lee, Junhyeok"]
[Result "1/2-1/2"]
[ECO "B22"]
[WhiteElo "2483"]
[BlackElo "2364"]
[Annotator "RC"]
[PlyCount "102"]
[EventDate "2024.09.24"]
[EventType "tourn"]
[EventCountry "HUN"]
[SourceTitle "playchess.com"]
[Source "ChessBase"]
[SourceQuality "1"]
[TimeControl "5400+30"]

1. e4 c5 2. c3 Nf6 3. e5 Nd5 4. Nf3 Nc6 5. Bc4 Nb6 6. Bb3 d6 7. exd6 Qxd6 8. O-O Be6 9. Bxe6 Qxe6 10. a4 Qd7 11. a5 Nd5 12. a6 e6 13. d4 cxd4 14. Nxd4 Bc5 15. Nb3 Be7 16. c4 Ndb4 17. Qxd7+ Kxd7 18. axb7 Rab8 19. Rd1+ Kc7 20. Nc3 Rbd8 21. Be3 Nc2 22. Bf4+ Kxb7 23. Rac1 N2b4 24. Ne4 e5 25. Be3 f5 26. Nec5+ Kc8 27. Ne6 Rd3 28. Rxd3 Nxd3 29. Ra1 g6 30. Bxa7 Nxb2 31. Be3 Kd7 32. Nbc5+ Bxc5 33. Nxc5+ Kd6 34. Rb1 Ra8 35. g3 Ra2 36. Nb7+ Kc7 37. Nc5 Nxc4 38. Rb7+ Kc8 39. Rxh7 Nxe3 40. fxe3 e4 41. h4 Ne5 42. h5 Ra1+ 43. Kg2 gxh5 44. Rh8+ Kc7 45. Ne6+ Kd7 46. Nd4 Ra2+ 47. Kg1 Ng4 48. Rh7+ Ke8 49. Nxf5 Ra1+ 50. Kg2 Ra2+ 51. Kg1 Ra1+ 1/2-1/2

[Event "SixDays Budapest GM-A 09-2024"]
[Site "Budapest"]
[Date "2024.09.26"]
[Round "4.2"]
[White "Wachinger, Nikolas"]
[Black "Defromont, Benjamin"]
[Result "1/2-1/2"]
[ECO "B01"]
[WhiteElo "2442"]
[BlackElo "2383"]
[Annotator "RC"]
[PlyCount "79"]
[EventDate "2024.09.24"]
[EventType "tourn"]
[EventCountry "HUN"]
[SourceTitle "playchess.com"]
[Source "ChessBase"]
[SourceQuality "1"]
[TimeControl "5400+30"]

1. e4 d5 2. exd5 Qxd5 3. Nc3 Qd8 4. d4 Nf6 5. Nf3 g6 6. Bc4 Bg7 7. O-O O-O 8. Re1 a6 9. a4 Nc6 10. a5 b5 11. axb6 cxb6 12. Bf4 Bb7 13. d5 Nb4 14. d6 exd6 15. Bxd6 Nxc2 16. Bxf8 Nxe1 17. Qxe1 Kxf8 18. Ng5 Qc7 19. Bxf7 Qc6 20. Nf3 Rd8 21. Bb3 Ne4 22. Nxe4 Qxe4 23. Qxe4 Bxe4 24. Ng5 Bf5 25. Nxh7+ Ke7 26. Rxa6 Bxb2 27. Rxb6 Rd2 28. g4 Bxg4 29. Ng5 Bd4 30. Rb7+ Kd8 31. Rf7 Bf5 32. Ne6+ Bxe6 33. Bxe6 g5 34. Kg2 Ke8 35. Rf5 Ke7 36. Bc4 Rxf2+ 37. Rxf2 Bxf2 38. Kxf2 g4 39. Kg3 Kf6 40. Kxg4 1/2-1/2

[Event "SixDays Budapest GM-A 09-2024"]
[Site "Budapest"]
[Date "2024.09.26"]
[Round "4.3"]
[White "Berczes, David"]
[Black "Panda Sambit"]
[Result "1-0"]
[ECO "A46"]
[WhiteElo "2400"]
[BlackElo "2367"]
[Annotator "RC"]
[PlyCount "81"]
[EventDate "2024.09.24"]
[EventType "tourn"]
[EventCountry "HUN"]
[SourceTitle "playchess.com"]
[Source "ChessBase"]
[SourceQuality "1"]
[TimeControl "5400+30"]

1. d4 Nf6 2. Nf3 e6 3. g3 b5 4. e3 a6 5. a4 b4 6. Bg2 Bb7 7. O-O c5 8. c4 d5 9. Ne5 Nbd7 10. Nd2 Qc7 11. cxd5 exd5 12. Nxd7 Qxd7 13. dxc5 Bxc5 14. Nb3 Bd6 15. Na5 O-O 16. Nxb7 Qxb7 17. e4 Rac8 18. exd5 b3 19. Bg5 Nd7 20. Be7 Bxe7 21. d6 Qb4 22. dxe7 Qxe7 23. Re1 Qd8 24. Bh3 Rc7 25. Qxb3 Nc5 26. Qb6 Qb8 27. Qxb8 Rxb8 28. Rac1 g6 29. Rc3 f5 30. Rec1 Rbc8 31. b4 Ne6 32. Rxc7 Rxc7 33. Rxc7 Nxc7 34. Bf1 Kf7 35. Bc4+ Ke7 36. f4 h6 37. Kf2 g5 38. Ke3 Kd7 39. Kd4 Kd6 40. h3 gxf4 41. gxf4 1-0

[Event "SixDays Budapest GM-A 09-2024"]
[Site "Budapest"]
[Date "2024.09.26"]
[Round "4.4"]
[White "Nagy, Gabor"]
[Black "Chen, Yining"]
[Result "1/2-1/2"]
[ECO "D11"]
[WhiteElo "2459"]
[BlackElo "2252"]
[Annotator "RC"]
[PlyCount "104"]
[EventDate "2024.09.24"]
[EventType "tourn"]
[EventCountry "HUN"]
[SourceTitle "playchess.com"]
[Source "ChessBase"]
[SourceQuality "1"]
[TimeControl "5400+30"]

1. c4 c6 2. Nf3 d5 3. d4 Nf6 4. e3 e6 5. b3 Ne4 6. Bd3 Bb4+ 7. Nfd2 Nd7 8. Bxe4 dxe4 9. O-O f5 10. Ba3 Bxa3 11. Nxa3 e5 12. Qh5+ g6 13. Qh6 Qe7 14. c5 Qf8 15. Qxf8+ Kxf8 16. Nac4 exd4 17. exd4 Nf6 18. Nd6 Ne8 19. N2c4 Nxd6 20. Nxd6 b6 21. Rfc1 Ke7 22. f3 exf3 23. Re1+ Be6 24. d5 cxd5 25. Nb5 bxc5 26. Nc7 Kd6 27. Nxe6 fxg2 28. Ng5 Rhe8 29. Kxg2 a5 30. Nxh7 a4 31. Ng5 d4 32. h4 Kd5 33. Rxe8 Rxe8 34. Kf2 Re3 35. Rb1 Rc3 36. Rb2 axb3 37. axb3 Ke5 38. b4 cxb4 39. Rxb4 Rc2+ 40. Kg3 f4+ 41. Kg4 Rg2+ 42. Kf3 Rg3+ 43. Kf2 Kf5 44. Rxd4 Kg4 45. Ne6 Rf3+ 46. Kg2 Rg3+ 47. Kh2 Rh3+ 48. Kg2 Rg3+ 49. Kf2 Rf3+ 50. Kg2 Rg3+ 51. Kh2 Rh3+ 52. Kg2 Rg3+ 1/2-1/2